 Dungeon Crawl Stone Soup version 0.19.1 (console) character file.

59419 Kloppie the Warrior (level 14, -7/135 HPs)
             Began as a Pale Draconian Berserker on Nov 25, 2016.
             Was the Champion of Trog.
             Shot with an arrow by a centaur warrior (10 damage)
             ... on level 15 of the Dungeon.
             The game lasted 00:31:37 (21181 turns).

Kloppie the Warrior (Pale Draconian Berserker)     Turns: 21181, Time: 00:31:38

Health: -7/135     AC: 22    Str: 20    XL:     14   Next: 53%
Magic:  14/14      EV: 22    Int:  7    God:    Trog [******]
Gold:   911        SH:  0    Dex: 16    Spells: 0 memorised, 13 levels left

rFire  . . .     SeeInvis .     c - +6 lajatang (speed)
rCold  . . .     Gourm    +     (armour unavailable)
rNeg   + . .     Faith    .     (shield currently unavailable)
rPois  .         Spirit   .     w - +2 hat
rElec  .         Reflect  .     F - +2 cloak
rCorr  .         Harm     .     t - +2 pair of gloves
MR     +....                    (no boots)
Stlth  +.........               x - amulet of the gourmand
                                r - ring of positive energy
                                E - +6 ring of protection

@: exhausted, slowed, very slow
A: breathe steam, unfitting armour, cold-blooded, AC +8
a: Breathe Steam, Berserk, Trog's Hand, Brothers in Arms, Burn Spellbooks,
Renounce Religion


You were on level 15 of the Dungeon.
You worshipped Trog.
Trog was exalted by your worship.
You were completely stuffed.

You visited 3 branches of the dungeon, and saw 21 of its levels.

You collected 1574 gold pieces.
You spent 663 gold pieces at shops.

Inventory:

Hand Weapons
 a - the +4 quarterstaff of the Eternal Warrior {crush, Dex+4}
   (You found it on level 5 of the Dungeon)

   It inflicts extra damage upon your enemies.
   It affects your dexterity (+4).
 b - a +5 antimagic lajatang
 c - a +6 lajatang of speed (weapon)
 L - the +2 whip of Oniet {drain, rElec Str+7 Dex-2}
   (You found it on level 9 of the Dungeon)

   A truly terrible weapon, it drains the life of those it strikes.
   It affects your strength (+7).
   It affects your dexterity (-2).
   It insulates you from electricity.
Armour
 t - a +2 pair of gloves (worn)
 w - a +2 hat (worn)
 F - a +2 cloak (worn)
Rods
 I - a +2 iron rod (14/14)
   (You found it on level 10 of the Dungeon)
Jewellery
 d - an uncursed ring of magical power
 r - a ring of positive energy (right hand)
 x - an amulet of the gourmand (around neck)
 B - an uncursed ring of stealth
 E - a +6 ring of protection (left hand)
 G - an uncursed ring of flight
 W - an uncursed amulet of rage
Wands
 s - a wand of slowing (20/48)
 v - a wand of teleportation (7/9)
 C - a wand of iceblast (10/15)
 K - a wand of polymorph (6/24)
 N - a wand of flame (32/48)
 P - a wand of hasting (1/9)
 U - a wand of iceblast (8/15)
Scrolls
 h - 8 scrolls of teleportation
 i - 13 scrolls of identify
 j - 2 scrolls of fog
 k - 7 scrolls of noise
 l - 4 scrolls of enchant armour
 q - 3 scrolls of fear
 y - 3 scrolls of remove curse
 z - 2 scrolls of magic mapping
 J - 2 scrolls of blinking
Potions
 e - 8 potions of curing
 f - 4 potions of cancellation
 g - 2 potions of might
 m - 4 potions of invisibility
 n - 5 potions of agility
 o - 3 potions of resistance
 M - a potion of haste
 O - 5 potions of heal wounds
 R - a potion of cure mutation
 S - a potion of brilliance
 T - a potion of magic
Comestibles
 p - 5 beef jerkies
 u - 26 fruits
 A - 11 meat rations
 D - 10 bread rations
 H - 10 slices of pizza
 Q - a chunk of flesh


   Skills:
 + Level 15.6 Fighting
 - Level 8.6(12.1) Maces & Flails
 - Level 13.5(14.4) Staves
 + Level 13.2 Dodging


You had 13 spell levels left.
You didn't know any spells.

Dungeon Overview and Level Annotations

Branches:
Dungeon (15/15)            Temple (0/1) D:4            Lair (5/6) D:11
  Swamp (0/4) Lair:2        Snake (0/4) Lair:4        Slime (0/5) Lair:5
    Orc (1/2) D:10         Vaults (0/5) D:13
 Depths: D:15

Altars:
Ashenzari
Elyvilon
Gozag
Kikubaaqudgha
Makhleb
Yredelemnul
Jiyva

Shops:
D:14 :}!?%}   D:15 =


Innate Abilities, Weirdness & Mutations

You can breathe blasts of scalding, opaque steam.
Your pale cyan-grey scales are hard. (AC +8)
You cannot fit into any form of body armour.
You are cold-blooded and may be slowed by cold attacks.


Message History

Really walk into that cloud of flame?
Okay, then.
You start resting.
Eating one of 2 chunks of flesh.
You start eating one of the 2 chunks of flesh.
You feel a strong urge to attack something.
This raw flesh tastes great.
You start resting.
You are no longer berserk.
You are exhausted.
You feel yourself slow down.
You start resting.
The centaur warrior wields a shortbow.
The centaur warrior shoots an arrow.
The arrow hits you!!
* * * LOW HITPOINT WARNING * * *
A centaur warrior comes into view. It is wielding a shortbow.
A centaur warrior is nearby!
The centaur warrior shoots an arrow.
The arrow hits you!
* * * LOW HITPOINT WARNING * * *
The centaur warrior shoots an arrow.
The arrow hits you!
You die...

.#.. .. .... .# #..
##.# #.. c..# .#..
####..### ## ....
J...8.. ... ....
##...##....# .....
#.8@∩.8....# ....#
#..(.##....# ..<
#...8##....# ...#
#....##....# #.
#....##....# ####.
#....##....# #....
##....##....#####.#..
#......#..........#.#
#.....)##.#########.#


You could see a slime creature (wandering) and a centaur warrior.

Vanquished Creatures
  Gastronok (Lair:3)
  Azrael (D:10)
  Fannar (Lair:3)
  A death knight (D:15)
  5 hydras
  3 centaur warriors
  An ogre mage (D:13)
  Urug (D:10)
  The ghost of hullu the Cleaver, a novice DsFi of Ashenzari (D:8)
  An unseen horror (D:13)
  10 hill giants
  The ghost of Kloppie the Basher, a novice DrBe of Trog (D:6)
  A wizard (D:14)
  2 necromancers (D:13)
  2 orc knights
  An orc sorcerer (D:15)
  A deep elf mage (D:12)
  A manticore (D:15)
  A faun (Lair:5)
  5 ugly things
  A cyclops (D:15)
  A centaur zombie (D:11)
  3 black mambas
  Maurice (D:9)
  The ghost of veneficus the Grappler, a novice DrTm (D:7)
  3 komodo dragons
  2 rime drakes
  5 spiny frogs
  An efreet (D:15)
  A yaktaur (D:14)
  A tengu conjurer (D:14)
  7 trolls
  A polar bear (Lair:4)
  4 meliai
  Grinder (D:3)
  5 slime creatures
  5 two-headed ogres
  6 blink frogs
  9 hippogriffs
  A meliai zombie (D:12)
  3 wyverns
  A vampire (D:13)
  12 fire elementals (D:10)
  4 water elementals
  30 yaks
  2 vampire mosquitoes (D:14)
  A steam dragon (Lair:5)
  A hungry ghost (D:12)
  Menkaure (D:4)
  A mottled dragon (D:14)
  A warg (Orc:1)
  2 soldier ants
  10 swamp worms
  18 water moccasins
  9 porcupines
  5 sky beasts
  A hornet zombie (D:10)
  10 orc warriors
  A necrophage (D:12)
  5 ice beasts
  2 black bears
  An eye of draining (D:13)
  7 centaurs
  9 ogres
  10 wolves
  12 crocodiles
  2 big kobolds (D:8)
  A wyvern zombie (D:6)
  15 bullfrogs
  A wyvern skeleton (D:11)
  3 scorpions
  15 killer bees
  9 howler monkeys
  5 wights (D:13)
  12 electric eels
  8 crimson imps
  3 quasits
  3 bullfrog zombies
  9 hounds
  Crazy Yiuf (D:3)
  5 orc priests
  4 bullfrog skeletons
  13 orc wizards
  3 centaur skeletons
  3 jellies
  Natasha (thrice) (D:2)
  4 iguanas
  16 worker ants
  A killer bee zombie (D:9)
  15 adders
  8 gnolls
  3 shadow imps
  An adder skeleton (D:6)
  13 worms
  3 dart slugs
  5 leopard geckos
  33 orcs
  18 bats
  4 giant cockroaches
  3 goblins
  6 hobgoblins
  10 jackals
  17 kobolds
  2 quokkas
  10 ball pythons
  5 frilled lizards
  A leopard gecko zombie (D:7)
  2 quokka skeletons
  18 rats
  A butterfly (Lair:5)
576 creatures vanquished.

Vanquished Creatures (collateral kills)
  Sonja (D:10)
  A killer bee (D:10)
2 creatures vanquished.

Vanquished Creatures (others)
  A human (D:3)
  4 orcs
  A jackal (D:6)
  A fungus (Lair:5)
  4 plants (D:8)
11 creatures vanquished.

Grand Total: 589 creatures vanquished

Notes
Turn   | Place    | Note
-------+----------+-------------------------------------------
     0 | D:1      | Kloppie the Draconian Berserker began the quest for the Orb.
     0 | D:1      | Reached XP level 1. HP: 19/19 MP: 1/1
    77 | D:1      | Reached XP level 2. HP: 5/26 MP: 2/2
   512 | D:1      | Reached ** piety under Trog
   871 | D:1      | Reached XP level 3. HP: 31/33 MP: 3/3
  1319 | D:2      | Noticed Natasha
  1328 | D:2      | Killed Natasha
  1328 | D:2      | Reached skill level 4 in Fighting
  1344 | D:2      | Noticed Natasha
  1352 | D:2      | Killed Natasha
  1352 | D:2      | Reached XP level 4. HP: 19/40 MP: 4/4
  1916 | D:2      | Noticed Natasha
  1921 | D:2      | Killed Natasha
  1921 | D:2      | Reached skill level 5 in Maces & Flails
  2073 | D:3      | Reached XP level 5. HP: 45/47 MP: 5/5
  2300 | D:3      | Found a runed door.
  2407 | D:3      | Reached *** piety under Trog
  2424 | D:3      | Noticed Grinder
  2438 | D:3      | Killed Grinder
  2438 | D:3      | Reached skill level 5 in Fighting
  2438 | D:3      | Reached XP level 6. HP: 48/56 MP: 6/6
  2700 | D:3      | Found an ancient bone altar of Kikubaaqudgha.
  2700 | D:3      | Noticed a human
  2703 | D:3      | Killed a human
  3007 | D:3      | Noticed Crazy Yiuf
  3103 | D:3      | Killed Crazy Yiuf
  3440 | D:4      | Found a staircase to the Ecumenical Temple.
  3741 | D:4      | Noticed Menkaure
  3743 | D:4      | Found a burning altar of Makhleb.
  3747 | D:4      | Killed Menkaure
  3747 | D:4      | Your scales start taking on a pale cyan-grey colour.
  3747 | D:4      | Reached XP level 7. HP: 48/62 MP: 7/7
  3971 | D:5      | Entered Level 5 of the Dungeon
  3977 | D:5      | Reached skill level 6 in Fighting
  4162 | D:5      | Got an iridescent quarterstaff
  4192 | D:5      | Noticed a wyvern
  4211 | D:5      | Killed a wyvern
  4211 | D:5      | Reached XP level 8. HP: 64/71 MP: 8/8
  4360 | D:5      | Reached skill level 7 in Fighting
  4411 | D:5      | Identified the +4 quarterstaff of the Eternal Warrior {crush, Dex+4} (You found it on level 5 of the Dungeon)
  4424 | D:5      | Noticed a hippogriff
  4436 | D:5      | Killed a hippogriff
  4436 | D:5      | Reached skill level 1 in Staves
  5143 | D:6      | Reached skill level 8 in Fighting
  5159 | D:6      | Found a white marble altar of Elyvilon.
  5204 | D:6      | Reached **** piety under Trog
  5411 | D:6      | Reached XP level 9. HP: 53/82 MP: 9/9
  5576 | D:6      | Noticed Kloppie's ghost (novice DrBe)
  5591 | D:6      | Killed Kloppie's ghost
  5591 | D:6      | Reached skill level 9 in Fighting
  5591 | D:6      | Reached skill level 5 in Staves
  6444 | D:6      | Reached skill level 10 in Fighting
  6641 | D:7      | Noticed veneficus's ghost (novice DrTm)
  6645 | D:7      | Killed veneficus's ghost
  6832 | D:7      | Reached XP level 10. HP: 74/94 MP: 10/10
  7053 | D:7      | Reached ***** piety under Trog
  7223 | D:8      | Found a shattered altar of Ashenzari.
  7249 | D:8      | Noticed hullu's ghost (novice DsFi)
  7256 | D:8      | Killed hullu's ghost
  7986 | D:8      | Received a gift from Trog
  8524 | D:9      | Reached skill level 10 in Staves
  8567 | D:9      | Reached skill level 5 in Dodging
  8756 | D:9      | Noticed Maurice
  8767 | D:9      | Killed Maurice
  8847 | D:9      | Reached XP level 11. HP: 49/101 MP: 11/11
  9222 | D:9      | Got an ichor-stained whip
  9223 | D:9      | Identified the +2 whip of Oniet {drain, rElec Str+7 Dex-2} (You found it on level 9 of the Dungeon)
  9601 | D:10     | Entered Level 10 of the Dungeon
 10051 | D:10     | Noticed Sonja
 10060 | D:10     | Killed Sonja
 10135 | D:10     | HP: 5/101 [fire elemental (9)]
 10587 | D:10     | Noticed Urug
 10588 | D:10     | Found a basalt altar of Yredelemnul.
 10598 | D:10     | Killed Urug
 10737 | D:10     | Found a staircase to the Orcish Mines.
 10831 | D:10     | Noticed Azrael
 10841 | D:10     | Killed Azrael
 10967 | D:10     | Received a gift from Trog
 11044 | D:11     | Reached XP level 12. HP: 71/107 MP: 12/12
 11643 | D:11     | Found a staircase to the Lair.
 12068 | Lair:1   | Entered Level 1 of the Lair of Beasts
 12131 | Lair:1   | Identified Plog's Disquisition on Envenoming and Fire
 13331 | Lair:2   | Found a staircase to the Swamp.
 13731 | Lair:2   | Reached skill level 11 in Fighting
 13955 | Lair:3   | Noticed a five-headed hydra
 13972 | Lair:3   | Killed a five-headed hydra
 14083 | Lair:3   | Noticed Gastronok
 14098 | Lair:3   | Killed Gastronok
 14183 | Lair:3   | Noticed Fannar
 14191 | Lair:3   | Killed Fannar
 14326 | Lair:3   | Reached skill level 12 in Fighting
 14788 | Lair:4   | Found an opulent altar of Gozag.
 14854 | Lair:4   | Noticed a six-headed hydra
 14868 | Lair:4   | Killed a six-headed hydra
 14965 | Lair:4   | Reached skill level 10 in Dodging
 15157 | Lair:4   | Found a staircase to the Snake Pit.
 15176 | Lair:4   | Reached XP level 13. HP: 114/119 MP: 4/13
 15800 | Lair:5   | Received a gift from Trog
 16145 | Lair:5   | Reached skill level 13 in Fighting
 16351 | Lair:5   | Found a viscous altar of Jiyva.
 16351 | Lair:5   | Found a staircase to the Slime Pits.
 17043 | Orc:1    | Entered Level 1 of the Orcish Mines
 17505 | D:12     | Reached ****** piety under Trog
 17772 | D:12     | Received a gift from Trog
 18467 | D:13     | Reached skill level 14 in Fighting
 19062 | D:13     | Found a gate to the Vaults.
 19076 | D:13     | Reached XP level 14. HP: 72/133 MP: 14/14
 19507 | D:14     | Found Tiku Roc's Book Shop.
 19578 | D:14     | Found Isunuoc's Distillery.
 19582 | D:14     | Bought a potion of cure mutation for 325 gold pieces
 19582 | D:14     | Bought a potion of brilliance for 52 gold pieces
 19582 | D:14     | Bought a potion of magic for 104 gold pieces
 19704 | D:14     | Found Erenume's Food Emporium.
 19766 | D:14     | Found Poxzad's Magic Scroll Boutique.
 19790 | D:14     | Bought a scroll of identify for 26 gold pieces
 19790 | D:14     | Bought a scroll of identify for 26 gold pieces
 19790 | D:14     | Bought a scroll of identify for 26 gold pieces
 19790 | D:14     | Bought a scroll of identify for 26 gold pieces
 19790 | D:14     | Bought a scroll of teleportation for 39 gold pieces
 19790 | D:14     | Bought a scroll of teleportation for 39 gold pieces
 19819 | D:14     | Found Waptesol's Quality Used Wands.
 19833 | D:14     | Reached skill level 15 in Fighting
 20273 | D:14     | Found Cifirof's Gadget Boutique.
 20536 | D:15     | Entered Level 15 of the Dungeon
 20618 | D:15     | Received a gift from Trog
 21162 | D:15     | Found Ivoxziwoige's Jewellery Emporium.
 21181 | D:15     | HP: 3/135 [centaur warrior/arrow (10)]
 21181 | D:15     | Shot with an arrow by a centaur warrior

Skill      XL: |  1  2  3  4  5  6  7  8  9 10 11 12 13 14 |
---------------+-------------------------------------------+-----
Fighting       | 4 5 6 8 10 12 14 15 | 15.6
Maces & Flails | 4 5 6 8 |  8.6
Staves         | 4 7 10 13 | 13.5
Dodging        | 5 7 10 12 13 | 13.2

Action                   |  1- 3 |  4- 6 |  7- 9 | 10-12 | 13-15 || total
-------------------------+-------+-------+-------+-------+-------++-------
Melee: Mace              |   101 |   158 |    89 |       |       ||   348
       Tailslap          |    10 |    11 |    40 |   142 |   120 ||   323
       Quarterstaff      |       |       |   168 |   691 |    59 ||   918
       Lajatang          |       |       |       |    94 |   668 ||   762
Invok: Berserk           |     2 |     5 |     9 |    13 |     8 ||    37
       Trog's Hand       |       |       |       |     4 |     3 ||     7
       Brothers in Arms  |       |       |       |     1 |       ||     1
 Abil: Breathe Steam     |       |       |     3 |     2 |     1 ||     6
  Use: Scroll            |       |     7 |    12 |    15 |     9 ||    43
       Potion            |       |       |       |     2 |       ||     2
 Stab: Sleeping          |     1 |     1 |     1 |     1 |     3 ||     7
       Distracted        |       |       |     2 |     1 |       ||     3
  Eat: Chunk             |     2 |    12 |    15 |    57 |    30 ||   116
       Meat ration       |       |       |     1 |       |       ||     1
Armor: Skin              |    26 |    47 |    69 |   136 |   116 ||   394
Dodge: Dodged            |    75 |   117 |   176 |   521 |   510 ||  1399
